 Dungeon Crawl Stone Soup version 0.21.0-24-g2553a33 (webtiles) character file.

988 mopl the Vexing (level 7, -3/46 HPs)
             Began as a Mummy Enchanter on Jan 21, 2018.
             Slain by Menkaure (8 damage)
             ... on level 4 of the Dungeon.
             The game lasted 00:13:46 (5946 turns).

mopl the Vexing (Mummy Enchanter)                   Turns: 5946, Time: 00:13:47

Health: -3/46      AC:  9    Str: 11    XL:     7   Next: 97%
Magic:  13/13      EV: 12    Int: 15    God:
Gold:   151        SH:  0    Dex: 14    Spells: 2/14 levels left

rFire    x x .     SeeInvis .   a - +0 dagger (flame)
rCold    + + +     Gourm    .   (no shield)
rNeg     + + +     Faith    .   q - +2 robe {rC+}
rPois    ∞         Spirit   .   l - +1 helmet
rElec    .         Reflect  .   (no cloak)
rCorr    .         Harm     .   p - +2 pair of gloves
MR       .....                  (no boots)
Stlth    +++.......             o - amulet of magic regeneration
HPRegen  0.15/turn              m - ring of ice
MPRegen  0.38/turn              (no ring)

@: no status effects
A: no food or potions, fire vulnerability, cold resistance 1, negative energy
resistance 3, torment resistance, unbreathing
a: no special abilities


You were on level 4 of the Dungeon.
You were not hungry.

You visited 1 branch of the dungeon, and saw 4 of its levels.

You collected 151 gold pieces.

Inventory:

Hand Weapons
 a - a +0 dagger of flaming (weapon)
 g - a +1 dagger
Missiles
 n - a throwing net (quivered)
Armour
 b - a +0 robe
 j - a +0 pair of gloves
 l - a +1 helmet (worn)
 p - a +2 pair of gloves (worn)
 q - a +2 robe of cold resistance (worn)
Jewellery
 m - a ring of ice (left hand)
 o - an amulet of magic regeneration (around neck)
Wands
 k - a wand of polymorph (19)
Scrolls
 d - a scroll of amnesia {unknown}
 e - 3 scrolls of remove curse
 f - a scroll of fog
 h - 6 scrolls of teleportation
 i - 2 scrolls of enchant armour
 r - a scroll of fear {unknown}
Books
 c - a book of Maledictions

   Spells                             Type                      Level
   a - Corona                         Hexes                        1
   b - Ensorcelled Hibernation        Hexes/Ice                    2
   c - Confuse                        Hexes                        3
   d - Tukima's Dance                 Hexes                        3
   e - Dazzling Spray                 Conjuration/Hexes            3


   Skills:
 - Level 0.7 Short Blades
 - Level 1.5 Dodging
 * Level 5.3 Stealth
 - Level 4.0 Spellcasting
 + Level 2.3 Conjurations
 * Level 5.4 Hexes
 + Level 2.6 Ice Magic


You had 2 spell levels left.
You knew the following spells:

 Your Spells              Type           Power        Failure   Level  Hunger
a - Corona                Hex            ###....      1%          1    N/A
b - Ensorcelled Hibernat  Hex/Ice        ###...       4%          2    N/A
c - Confuse               Hex            ###.....     6%          3    N/A
d - Tukima's Dance        Hex            ###.....     6%          3    N/A
g - Dazzling Spray        Conj/Hex       ##....       11%         3    N/A

Dungeon Overview and Level Annotations

Branches:
Dungeon (4/15)
 Temple: D:4-7

Altars:
Qazlal

Shops:
D:4 [

Annotations:
D:4 Menkaure


Innate Abilities, Weirdness & Mutations

You do not eat or drink.
Your flesh is vulnerable to fire.
You are immune to poison.
Your flesh is cold resistant. (rC+)
You are immune to negative energy. (rN+++)
You are immune to unholy pain and torment.
You can survive without breathing.


Message History

Menkaure barely misses you.
You hit Menkaure but do no damage.
Menkaure is severely damaged.
Menkaure cries.
You hit Menkaure but do no damage.
Menkaure is severely damaged.
Menkaure screams, "I'll kill you anyway!"
You completely miss Menkaure.
Menkaure is severely damaged.
You hit Menkaure but do no damage.
Menkaure is severely damaged.
You hit Menkaure but do no damage.
Menkaure is severely damaged.
Menkaure seems less confused.
Menkaure barely misses you.
You barely miss Menkaure.
Menkaure is severely damaged.
Menkaure hits you!
* * * LOW HITPOINT WARNING * * *
Menkaure hits you!
You die...

. #.###.#.##.#.####
#####.##.#.#.......#
...........#..#.##.#
#####.##.###..#.##.#
.###.###.###..#..#.#
..............#.#..#
.#.#.....###.#.###.#
.....)...# #...M#..#
########## #####@###
#.# ♣♣#####.#
...').#.# ........#
......#.# ♣..'.##.#
♣♣##. ?.# # ####


You could see Menkaure.

Vanquished Creatures
  The ghost of Stelteck the Slinger, a novice HaHu (D:3)
  Sigmund (D:2)
  An ogre (D:4)
  A scorpion (D:4)
  A crimson imp (D:3)
  An orc priest (D:3)
  An orc wizard (D:4)
  Terence (D:2)
  3 iguanas (D:4)
  A hound skeleton (D:3)
  Robin (D:2)
  4 gnolls (D:2)
  6 adders
  2 oozes
  An adder skeleton (D:4)
  5 worms
  2 dart slugs (D:2)
  5 leopard geckos
  6 orcs
  A ball python (D:1)
  3 bats
  4 giant cockroaches
  12 goblins
  12 hobgoblins
  9 jackals
  A quokka (D:4)
  3 frilled lizards
  8 kobolds
  4 rats
101 creatures vanquished.

Notes
Turn   | Place    | Note
-------+----------+-------------------------------------------
     0 | D:1      | mopl the Mummy Enchanter began the quest for the Orb.
     0 | D:1      | Reached XP level 1. HP: 13/13 MP: 4/4
   390 | D:1      | Reached XP level 2. HP: 16/19 MP: 2/5
   394 | D:1      | Learned a level 2 spell: Ensorcelled Hibernation
   634 | D:1      | Reached skill level 3 in Hexes
   657 | D:1      | Reached skill level 3 in Spellcasting
  1204 | D:2      | Noticed Robin
  1332 | D:1      | Reached XP level 3. HP: 8/24 MP: 0/7
  1337 | D:1      | Learned a level 3 spell: Confuse
  1953 | D:2      | Reached skill level 3 in Stealth
  2498 | D:2      | Reached XP level 4. HP: 11/30 MP: 0/9
  2687 | D:2      | Learned a level 3 spell: Dazzling Spray
  2765 | D:1      | Reached skill level 1 in Ice Magic
  3000 | D:2      | Noticed Terence
  3240 | D:2      | Killed Robin
  3462 | D:2      | Killed Terence
  3462 | D:2      | Reached XP level 5. HP: 15/35 MP: 0/10
  3740 | D:2      | Noticed Sigmund
  3760 | D:2      | Killed Sigmund
  3760 | D:2      | Reached skill level 4 in Spellcasting
  3760 | D:2      | Reached skill level 1 in Conjurations
  3760 | D:2      | Reached skill level 4 in Hexes
  3760 | D:2      | Reached XP level 6. HP: 40/41 MP: 3/12
  3771 | D:2      | Learned a level 3 spell: Tukima's Dance
  3958 | D:3      | Reached skill level 4 in Stealth
  4784 | D:3      | Noticed Stelteck's ghost (novice HaHu)
  4885 | D:3      | Killed Stelteck's ghost
  4885 | D:3      | Reached skill level 2 in Conjurations
  4885 | D:3      | Reached skill level 2 in Ice Magic
  4885 | D:3      | Reached XP level 7. HP: 16/46 MP: 4/13
  5181 | D:3      | Reached skill level 5 in Hexes
  5470 | D:4      | Noticed Menkaure
  5543 | D:4      | Reached skill level 5 in Stealth
  5740 | D:4      | Found Hogg's Antique Armour Shop.
  5755 | D:4      | Found a stormy altar of Qazlal.
  5946 | D:4      | Slain by Menkaure

Skill      XL: |  1  2  3  4  5  6  7 |
---------------+----------------------+-----
Hexes          | 3 4 5 |  5.4
Spellcasting   | 3 4 |  4.0
Stealth        | 3 4 5 |  5.3
Ice Magic      | 1 2 |  2.6
Conjurations   | 1 2 |  2.3
Short Blades   | |  0.7
Dodging        | |  1.5

Action                   |  1- 3 |  4- 6 |  7- 9 || total
-------------------------+-------+-------+-------++-------
Melee: Dagger            |   103 |   204 |    65 ||   372
 Cast: Corona            |    15 |       |       ||    15
       Ensorcelled Hiber |    24 |    47 |    32 ||   103
       Confuse           |     3 |    23 |     5 ||    31
       Dazzling Spray    |       |     1 |     1 ||     2
  Use: Scroll            |       |     6 |       ||     6
 Stab: Sleeping          |    13 |    26 |    16 ||    55
       Confused          |     2 |     5 |     2 ||     9
       Distracted        |       |       |     1 ||     1
Armor: Robe              |    14 |    63 |    17 ||    94
Dodge: Dodged            |    59 |   116 |    35 ||   210
